 Dungeon Crawl Stone Soup version 0.23.2-40-g277498a001 (webtiles) character file.

Game seed: 11187739128562052243

25 Descartes the Sneak (level 2, -1/13 HPs)
             Began as a Spriggan Enchanter on Oct 5, 2019.
             Slain by a hobgoblin (4 damage)
             ... on level 1 of the Dungeon.
             The game lasted 00:01:31 (1292 turns).

Descartes the Sneak (Spriggan Enchanter)            Turns: 1292, Time: 00:01:31

Health: -1/13      AC:  2    Str:  4    XL:     2   Next: 82%
Magic:  7/7        EV: 19    Int: 16    God:
Gold:   35         SH:  0    Dex: 16    Spells: 6/7 levels left

rFire    . . .     SeeInvis +   g - +4 short sword
rCold    . . .     Gourm    .   (shield restricted)
rNeg     . . .     Faith    .   b - +0 robe
rPois    .         Spirit   .   (helmet restricted)
rElec    .         Reflect  .   (no cloak)
rCorr    .         Harm     .   (gloves unavailable)
MR       .....                  (boots unavailable)
Stlth    +++.......             (no amulet)
HPRegen  0.04/turn              (no ring)
MPRegen  0.10/turn              (no ring)

@: very quick
A: very small, unfitting armour, see invisible, herbivore, speed 3, slow
metabolism 2
a: no special abilities


You were on level 1 of the Dungeon.
You were not hungry.

You visited 1 branch of the dungeon, and saw 2 of its levels.

You collected 35 gold pieces.

Inventory:

Hand Weapons
 a - a +1 dagger
 g - a +4 short sword (weapon)
Missiles
 i - 8 stones (quivered)
 k - a poisoned needle
Armour
 b - a +0 robe (worn)
Scrolls
 c - 3 scrolls of identify {unknown}
 e - 2 scrolls of immolation {unknown}
 f - a scroll of fog {unknown}
 h - a scroll of blinking {unknown}
Potions
 j - 2 potions of resistance {unknown}
Comestibles
 d - 5 rations


   Skills:
 + Level 1.6 Short Blades
 + Level 3.5 Dodging
 + Level 4.8 Stealth
 + Level 3.1 Spellcasting
 + Level 3.9 Hexes


You had 6 spell levels left.
You knew the following spells:

 Your Spells              Type           Power        Failure   Level  Hunger
a - Corona                Hex            ###....      3%          1    #......

Your spell library contained the following spells:

 Spells                   Type           Power        Failure   Level  Hunger
 Confuse                  Hex            ###.....     11%         3    ###....
 Tukima's Dance           Hex            ###.....     11%         3    ###....
 Ensorcelled Hibernation  Hex/Ice        #.....       12%         2    ##.....
 Dazzling Spray           Conj/Hex       #.....       24%         3    ###....


Dungeon Overview and Level Annotations

Branches:
Dungeon (2/15)

Altars:


Innate Abilities, Weirdness & Mutations

You are very small and have problems with some larger weapons.
You are too small for most types of armour.
You have supernaturally acute eyesight. (SInv)
You are a herbivore.
You cover ground extremely quickly.
You need to consume almost no food.


Message History

The jackal bites you but does no damage.
The jackal misses you. The hobgoblin barely misses you.
The jackal closely misses you.
The jackal bites you but does no damage.
You completely miss the jackal.
The jackal is almost dead.
The jackal bites you.
* * * LOW HITPOINT WARNING * * *
The jackal misses you. The hobgoblin closely misses you.
You hit the jackal.
You kill the jackal!
The jackal completely misses you. The hobgoblin misses you.
The jackal bites you.
* * * LOW HITPOINT WARNING * * *
You hit the bat.
You kill the bat!
You hit the jackal.
You kill the jackal!
The hobgoblin hits you.
You die...

#....# #...#
#.#.###.#.#.#. #....#
#...### #.......#.#.#.
#....# ###.....#
###.#####.#.#.
#....#####..[....# #.#
#.#...
##.......#>......# #.#
#.###. #.......#.....###
#.# #.....
#.......#.....# #.#
######
##.......#.....#######.#
...g...........g@......#
##.......#.....#########
#.......#.....#
#.......#######
#.......# #.......#
#########


You could see a hobgoblin.

Vanquished Creatures
  An adder (D:2)
  A leopard gecko (D:1)
  2 jackals (D:1)
  2 kobolds (D:1)
  3 bats (D:1)
  7 frilled lizards (D:1)
  2 rats (D:1)
18 creatures vanquished.

Notes
Turn   | Place    | Note
-------+----------+-------------------------------------------
     0 | D:1      | Descartes the Spriggan Enchanter began the quest for the
                  | Orb.
     0 | D:1      | Reached XP level 1. HP: 9/9 MP: 5/5
   377 | D:1      | Reached XP level 2. HP: 7/13 MP: 6/6
  1292 | D:1      | Slain by a hobgoblin

Skill      XL: |  1  2 |
---------------+-------+-----
Spellcasting   | 3 |  3.1
Short Blades   | |  1.6
Dodging        | |  3.5
Stealth        | |  4.8
Hexes          | |  3.9

Action                   || total
-------------------------++-------
Melee: Short sword       ||    30
       Dagger            ||    12
 Stab: Sleeping          ||     2
Armor: Robe              ||     5
Dodge: Dodged            ||    38
